 Dungeon Crawl Stone Soup version 0.23.2-33-g5129a83184 (webtiles) character file.

Game seed: 13778623311687049496

68 psyvane the Grave Robber (level 4, 0/21 HPs)
             Began as a Vine Stalker Necromancer on July 19, 2019.
             Slain by Ijyb
             ... wielding a +0 dagger of draining
              (6 damage)
             ... on level 3 of the Dungeon.
             The game lasted 00:10:29 (4069 turns).

psyvane the Grave Robber (Vine Stalker Necromancer) Turns: 4069, Time: 00:10:30

Health: 0/21       AC:  3    Str: 10    XL:     4   Next: 19%
Magic:  0/8        EV: 12    Int: 16    God:
Gold:   87         SH:  0    Dex: 15    Spells: 0/8 levels left

rFire    . . .     SeeInvis .   b - +1 hand axe (flame)
rCold    . . .     Gourm    .   (no shield)
rNeg     . . .     Faith    .   a - +0 robe
rPois    .         Spirit   +   t - +0 helmet (curse)
rElec    .         Reflect  .   (no cloak)
rCorr    .         Harm     .   (no gloves)
MR       .....                  (no boots)
Stlth    ++........             (no amulet)
HPRegen  0.47/turn              m - ring of flight
MPRegen  0.11/turn              (no ring)

@: drained
A: fangs 2, regeneration 1, magic shield, antimagic bite, no potion heal 3, rot
immunity
a: Evoke Flight


You were on level 3 of the Dungeon.
You were not hungry.

You visited 1 branch of the dungeon, and saw 3 of its levels.

You collected 87 gold pieces.

Inventory:

Hand Weapons
 b - a +1 hand axe of flaming (weapon)
 i - a +0 hand axe of freezing
 o - a +0 blowgun
Missiles
 p - 3 poisoned needles
Armour
 a - a +0 robe (worn)
 g - a +0 shield
 t - a cursed +0 helmet (worn)
Magical Staves
 d - an uncursed staff of cold
Jewellery
 m - a ring of flight (left hand)
Scrolls
 e - 2 scrolls of teleportation
 f - a scroll of fog {unknown}
 h - a scroll of fear {unknown}
 k - 2 scrolls of remove curse
 q - 3 scrolls of identify
Potions
 j - a potion of brilliance {unknown}
 l - a potion of curing {unknown}
 n - a potion of haste {unknown}
 r - a potion of invisibility {unknown}
 s - a potion of magic {unknown}
Comestibles
 c - 7 rations


   Skills:
 - Level 1.6(1.0) Dodging
 - Level 2.4(1.8) Stealth
 * Level 2.5(1.9) Spellcasting
 - Level 5.4(4.8) Necromancy


You couldn't memorise any spells.
You knew the following spells:

 Your Spells              Type           Power        Failure   Level  Hunger
a - Pain                  Necr           ###.         2%          1    #......
b - Animate Skeleton      Necr           N/A          2%          1    #......
c - Vampiric Draining     Necr           ###.......   9%          3    ###....
d - Regeneration          Chrm/Necr      #.........   24%         3    ###....

Your spell library contained the following spells:

 Spells                   Type           Power        Failure   Level  Hunger
 Animate Dead             Necr           N/A          28%         4    #####..


Dungeon Overview and Level Annotations

Branches:
Dungeon (3/15)

Altars:
The Shining One

Annotations:
D:3 Ijyb


Innate Abilities, Weirdness & Mutations

You have extremely sharp teeth.
Your natural rate of healing is unusually fast.
When hurt, damage is shared between your health and your magic reserves.
Your bite disrupts and absorbs the magic of your enemies.
Potions cannot restore your health.
You are immune to rotting.


Message History

Casting: Pain (safe; 1% risk of failure)
Confirm with . or Enter, or press ? or * to list all spells.
Aiming: Pain (safe; 1% risk of failure)
Press: ? - help, Shift-Dir - straight line, f/p - Ijyb
Aim: Ijyb, wielding a +0 dagger of draining, wearing a +0 ring mail and carrying a wand of paralysis (6) (heavily wounded, berserk, fast, unusually strong, chance to defeat MR: 84%) Ijyb writhes in agony.
Casting: Pain (safe; 1% risk of failure)
Confirm with . or Enter, or press ? or * to list all spells.
Aiming: Pain (safe; 1% risk of failure)
Press: ? - help, Shift-Dir - straight line, f/p - Ijyb
Aim: Ijyb, wielding a +0 dagger of draining, wearing a +0 ring mail and carrying a wand of paralysis (6) (severely wounded, berserk, fast, unusually strong, chance to defeat MR: 84%) Ijyb writhes in agony!
Ijyb hits you with a +0 dagger of draining!
You feel drained.
Ijyb hits you with a +0 dagger of draining.
You feel drained.
* * * LOW HITPOINT WARNING * * *
Ijyb rages.
Ijyb hits you with a +0 dagger of draining!
You die...

.
#...........
##
###.........
##...###.
##..#####.
#........
#.######.
#.#
#######.##
.......@.#
#######g.#
#..#
#..!.....#
#.########
#.# #.. ##.
.


You could see Ijyb (berserk).

Vanquished Creatures
  An ooze (D:2)
  A worm (D:2)
  2 dart slugs (D:1)
  4 giant cockroaches
  11 goblins
  4 hobgoblins
  4 jackals
  A quokka (D:2)
  A ball python (D:1)
  3 bats
  2 frilled lizards (D:2)
  6 kobolds
  9 rats
49 creatures vanquished.

Vanquished Creatures (collateral kills)
  A goblin (D:1)
  A kobold (D:2)
  A quokka (D:2)
3 creatures vanquished.

Grand Total: 52 creatures vanquished

Notes
Turn   | Place    | Note
-------+----------+-------------------------------------------
     0 | D:1      | psyvane the Vine Stalker Necromancer began the quest for
                  | the Orb.
     0 | D:1      | Reached XP level 1. HP: 9/9 MP: 4/4
   259 | D:1      | Reached XP level 2. HP: 8/13 MP: 0/6
   263 | D:1      | Learned a level 1 spell: Animate Skeleton
  1027 | D:1      | Reached XP level 3. HP: 16/16 MP: 5/7
  1101 | D:1      | Reached skill level 5 in Necromancy
  1720 | D:1      | Learned a level 3 spell: Vampiric Draining
  2471 | D:2      | Found a glowing golden altar of the Shining One.
  3276 | D:2      | Gained mutation: Your natural rate of healing is unusually
                  | fast. [Vine Stalker growth]
  3276 | D:2      | Reached XP level 4. HP: 4/21 MP: 5/8
  3922 | D:2      | Learned a level 3 spell: Regeneration
  4062 | D:3      | Noticed Ijyb
  4069 | D:3      | Slain by Ijyb

Skill      XL: |  1  2  3 |
---------------+----------+-----
Necromancy     | 5 |  5.4
Dodging        | |  1.6
Stealth        | |  2.4
Spellcasting   | |  2.5

Action                   |  1- 3 |  4- 6 || total
-------------------------+-------+-------++-------
Melee: Unarmed           |     9 |       ||     9
       Hand axe          |     3 |     1 ||     4
       Bite              |     1 |       ||     1
 Cast: Pain              |    80 |    23 ||   103
       Animate Skeleton  |    14 |       ||    14
  Use: Scroll            |     3 |       ||     3
  Eat: Chunk             |     9 |       ||     9
       Ration            |       |     1 ||     1
Armor: Robe              |     9 |     2 ||    11
Dodge: Dodged            |    15 |     2 ||    17
